 Dungeon Crawl Stone Soup version 0.28.0-47-ge53b351184 (webtiles) character file.

Game seed: 9992072669858920481

25656 greasedhog the Impaler (level 13, -4/101 HPs)
             Began as a Formicid Fighter on May 10, 2022.
             Was an Elder of Okawaru.
             Slain by a freezing wraith (7 damage)
             ... led by a death knight
             ... on level 12 of the Dungeon.
             The game lasted 00:37:50 (14684 turns).

greasedhog the Impaler (Formicid Fighter)          Turns: 14684, Time: 00:37:51

Health: -4/101     AC: 14    Str: 23    XL:     13   Next: 52%
Magic:  14/14      EV: 10    Int: 15    God:    Okawaru [****..]
Gold:   894        SH:  6    Dex: 12    Spells: 12/12 levels left

rFire   . . .      SeeInvis +   E - +10 glaive of Conservatism {vorpal, SInv}
rCold   + . .      Faith    .   c - +0 buckler
rNeg    . . .      Spirit   .   f - +5 ring mail of Umu Qom Cafa {Will+ Regen+}
rPois   .          Reflect  .   (helmet unavailable)
rElec   .          Harm     .   j - +0 cloak
rCorr   .          Rampage  .   h - +0 pair of gloves
Will    ++...                   F - +0 pair of boots
Stlth   +.........              (no amulet)
HPRegen 1.06/turn               t - +6 ring of intelligence
MPRegen 0.14/turn               u - ring of protection from cold

@: no status effects
A: permanent stasis, dig shafts and tunnels, antennae 3, four strong arms
a: Dig, Shaft Self, Renounce Religion, Heroism, Finesse


You were on level 12 of the Dungeon.
You worshipped Okawaru.
Okawaru was greatly pleased with you.
You visited 2 branches of the dungeon, and saw 14 of its levels.
You also visited: Trove.

You collected 894 gold pieces.

Inventory:

Hand Weapons
 a - a +3 trident of freezing
 E - the +10 glaive of Conservatism (weapon) {vorpal, SInv}
   (You found it on level 8 of the Dungeon)

   It inflicts extra damage upon your enemies.
   SInv:      It lets you see invisible.
 G - a +0 hand crossbow
Missiles
 m - 3 throwing nets
 C - 176 arrows
 D - 54 bolts
Armour
 c - a +0 buckler (worn)
 f - the +5 ring mail of Umu Qom Cafa (worn) {Will+ Regen+}
   (You found it on level 6 of the Dungeon)

   Regen:     It increases your rate of health regeneration.
   Will:      It increases your willpower.
 h - a +0 pair of gloves (worn)
 j - a +0 cloak (worn)
 v - a +0 plate armour
 F - a +0 pair of boots (worn)
Jewellery
 d - a ring of fire
 i - a ring of magical power
 t - a +6 ring of intelligence (left hand)
 u - a ring of protection from cold (right hand)
 w - a ring of ice
Wands
 k - a wand of polymorph (11)
 H - a wand of paralysis (1)
 L - a wand of acid (4)
Scrolls
 n - a scroll of silence {unknown}
 r - 5 scrolls of fog
 s - a scroll of torment {unknown}
 y - 2 scrolls of magic mapping
 z - 2 scrolls of vulnerability
 A - a scroll of fear
 B - 4 scrolls of immolation
 I - 2 scrolls of enchant weapon
 J - 2 scrolls of holy word
 K - 3 scrolls of enchant armour
Potions
 b - 3 potions of might
 e - 2 potions of attraction
 g - 4 potions of flight
 l - a potion of magic {unknown}
 o - 3 potions of lignification
 q - a potion of mutation {unknown}
 x - 2 potions of curing
 N - 3 potions of resistance


   Skills:
 * Level 9.2 Fighting
 * Level 18.9 Polearms
 - Level 3.2 Armour
 - Level 9.1 Shields
 - Level 2.0 Invocations


You had 12 spell levels left.
You didn't know any spells.
Your spell library contained the following spells:

 Spells                   Type           Power      Damage    Failure   Level
 Beastly Appendage        Tmut           0%         N/A       45%         1
 Sting                    Tmut/Pois      0%         1d3       45%         1
 Passwall                 Tmut/Erth      0%         N/A       58%         2
 Confusing Touch          Hex            0%         N/A       83%         3
 Conjure Flame            Conj/Fire      0%         6-21      83%         3
 Gell's Gravitas          Tloc           0%         N/A       83%         3
 Ignite Poison            Fire/Tmut/Pois 0%         N/A       83%         3
 Lesser Beckoning         Tloc           0%         N/A       83%         3
 Teleport Other           Tloc           0%         N/A       83%         3
 Airstrike                Air            0%         N/A       99%         4
 Cause Fear               Hex            0%         N/A       99%         4
 Ice Form                 Ice/Tmut       0%         N/A       99%         4
 Leda's Liquefaction      Hex/Erth       0%         N/A       99%         4
 Petrify                  Tmut/Erth      0%         N/A       99%         4
 Sticky Flame             Conj/Fire      0%         2d3       99%         4
 Lightning Bolt           Conj/Air       0%         1d11      100%        5
 Storm Form               Tmut/Air       0%         N/A       100%        7
 Summon Lightning Spire   Summ/Air       Unusable   N/A       N/A         4

Dungeon Overview and Level Annotations

Branches:
Dungeon (13/15)            Temple (1/1) D:7            Lair (0/6) D:10
    Orc (0/2) D:10         Vaults (0/5) D:13

Altars:
Ashenzari
Cheibriados
Dithmenos
Elyvilon
Fedhas
Gozag
Hepliaklqana
Kikubaaqudgha
Makhleb
Nemelex Xobeh
Okawaru
Qazlal
Ru
Sif Muna
Trog
Uskayaw
Vehumet
Wu Jian
Xom
Yredelemnul
Zin
The Shining One
Beogh

Shops:
D:11 (

Annotations:
D:7 2 transporters, exclusion: ice statue, reversiblehash's ghost, novice GnFi
D:9 3 runed translucent doors, thiscave3701365's ghost, novice MiBe


Innate Abilities, Weirdness & Mutations

You cannot be hasted, slowed, berserked, paralysed or teleported.
You can dig through walls and to a lower floor.
You have a pair of large antennae on your head. (SInv)
Your four strong arms can wield two-handed weapons with a shield.


Message History

The death knight hits you from afar with a +1 halberd of venom!
You closely miss the freezing wraith.
The freezing wraith is heavily damaged.
You feel sick. The freezing wraith hits you. The freezing wraith freezes you!
You resist.
The freezing wraith hits you but does no damage.
The death knight hits you from afar with a +1 halberd of venom!
You are more poisoned.
You feel very sick.
The freezing wraith completely misses you.
The freezing wraith hits you but does no damage.
The death knight hits you from afar with a +1 halberd of venom!!
* * * LOW HITPOINT WARNING * * *
You climb upwards.
You feel very sick.
There is a stone staircase leading down here.
You barely miss the freezing wraith.
The freezing wraith is heavily damaged.
You feel sick. The freezing wraith hits you!
* * * LOW HITPOINT WARNING * * *
The freezing wraith freezes you! You resist.
* * * LOW HITPOINT WARNING * * *
The freezing wraith hits you but does no damage.
You feel much better.
You feel sick.
The freezing wraith hits you but does no damage.
The freezing wraith barely misses you.
You feel sick.
You barely miss the freezing wraith.
The freezing wraith is heavily damaged.
You feel sick. The freezing wraith hits you!
* * * LOW HITPOINT WARNING * * *
The freezing wraith freezes you! You resist.
* * * LOW HITPOINT WARNING * * *
You block the freezing wraith's attack.
You feel better. The freezing wraith hits you.
* * * LOW HITPOINT WARNING * * *
The freezing wraith freezes you! You resist.
* * * LOW HITPOINT WARNING * * *
The freezing wraith hits you!
You die...

#################
........[†......#
#########)......#########
#.#####.........# #.#
#.........#
#########.#####..÷).....#
..............[.@W..#####
#########.#.#####...#
#.....#.# #...#
###.....#.# #...#
#.......#.# #...#
#.......#.#####...#
#............)....##
#....####.######...#
###...##.............##


You could see a freezing wraith.

Vanquished Creatures
  Frances (D:13)
  Josephine (D:12)
  A death knight (D:12)
  2 two-headed ogres (D:12)
  A centaur warrior (D:12)
  2 orc knights
  A phantasmal warrior (D:12)
  A manticore (D:12)
  A cyclops (D:11)
  A gargoyle (D:10)
  An unseen horror (D:12)
  A komodo dragon (D:10)
  Psyche (D:12)
  A freezing wraith (D:12)
  A kobold demonologist (D:11)
  4 trolls
  A guardian mummy (D:10)
  6 slime creatures (D:12)
  Prince Ribbit (D:9)
  A hornet (D:10)
  Sigmund (D:4)
  7 wraiths (D:12)
  A vampire (D:10)
  20 humans
  2 wyverns
  6 vampire mosquitoes
  A basilisk (shapeshifter) (D:12)
  25 yaks
  A steam dragon (D:9)
  Menkaure (D:5)
  Edmund (D:6)
  2 water moccasins (D:6)
  Duvessa (D:5)
  2 acid dragons
  13 orc warriors
  A black bear (D:7)
  A necrophage (D:4)
  8 centaurs
  An ogre (D:6)
  A phantom (D:4)
  A kobold brigand (D:10)
  3 bullfrogs
  A gnoll sergeant (D:12)
  5 scorpions
  A water moccasin zombie (D:5)
  A water moccasin skeleton (D:5)
  Dowan (D:5)
  17 wights
  5 howler monkeys
  A bullfrog zombie (D:6)
  6 centaur zombies
  A gnoll shaman (D:4)
  2 hounds (D:7)
  7 orc priests
  2 jellies (D:4)
  2 iguanas
  2 centaur skeletons
  Terence (D:3)
  9 orc wizards
  A hound zombie (D:5)
  2 howler monkey zombies (D:8)
  Robin (D:4)
  10 adders
  9 gnolls
  A howler monkey skeleton (D:6)
  A shadow imp (D:5)
  An adder skeleton (D:4)
  A worm (D:4)
  4 dart slugs
  57 orcs
  5 bats
  6 endoplasms
  2 giant cockroaches
  15 goblins
  9 hobgoblins
  3 jackals
  9 kobolds
  4 quokkas
  8 ball pythons
  5 frilled lizards
  9 rats
357 creatures vanquished.

Vanquished Creatures (others)
  6 plants
6 creatures vanquished.

Grand Total: 363 creatures vanquished

Notes
Turn   | Place    | Note
-------+----------+-------------------------------------------
     0 | D:1      | greasedhog the Formicid Fighter began the quest for the
                  | Orb.
     0 | D:1      | Reached XP level 1. HP: 18/18 MP: 1/1
   195 | D:1      | Reached XP level 2. HP: 21/24 MP: 2/2
   283 | D:1      | Found a faded altar of an unknown god.
   670 | D:1      | Reached XP level 3. HP: 29/29 MP: 3/3
  1308 | D:2      | Reached skill level 3 in Polearms
  1312 | D:2      | Reached XP level 4. HP: 35/35 MP: 4/4
  1777 | D:3      | Noticed Terence
  1782 | D:3      | Killed Terence
  1809 | D:3      | Reached skill level 5 in Shields
  1811 | D:3      | Reached XP level 5. HP: 39/41 MP: 5/5
  1996 | D:3      | Reached skill level 4 in Polearms
  3322 | D:2      | Reached XP level 6. HP: 33/47 MP: 6/6
  3562 | D:3      | Reached skill level 5 in Polearms
  3948 | D:4      | Noticed Robin
  4003 | D:4      | Killed Robin
  4029 | D:4      | Reached XP level 7. HP: 26/52 MP: 7/7
  4150 | D:4      | Reached skill level 6 in Polearms
  4625 | D:4      | Noticed Sigmund
  4630 | D:4      | Killed Sigmund
  4631 | D:4      | Reached skill level 7 in Polearms
  4671 | D:4      | Reached XP level 8. HP: 54/58 MP: 8/8
  4896 | D:5      | Entered Level 5 of the Dungeon
  5124 | D:5      | Noticed Menkaure
  5130 | D:5      | Killed Menkaure
  5131 | D:5      | Reached skill level 8 in Polearms
  5482 | D:5      | Reached skill level 9 in Polearms
  5713 | D:5      | Noticed Dowan
  5714 | D:5      | Noticed Duvessa
  5732 | D:5      | Killed Dowan
  5940 | D:5      | Killed Duvessa
  5941 | D:5      | Reached XP level 9. HP: 30/64 MP: 9/9
  5948 | D:5      | Reached skill level 10 in Polearms
  6957 | D:6      | Noticed Edmund
  7002 | D:6      | Killed Edmund
  7307 | D:6      | Identified the +5 ring mail of Umu Qom Cafa {Will+ Regen+}
  7401 | D:6      | Reached skill level 11 in Polearms
  7801 | D:5      | Reached XP level 10. HP: 42/70 MP: 10/10
  7852 | D:6      | Reached skill level 12 in Polearms
  8195 | D:7      | Found a transporter.
  8200 | D:7      | Noticed an ice statue
  8204 | D:7      | Noticed a deep elf pyromancer
  8213 | D:7      | Noticed reversiblehash's ghost (novice GnFi)
  8225 | D:7      | Found a transporter.
  8408 | D:7      | Found a staircase to the Ecumenical Temple.
  8453 | D:6      | Reached skill level 13 in Polearms
  8513 | Temple   | Entered the Ecumenical Temple
  8646 | Temple   | Became a worshipper of Warmaster Okawaru
  8961 | D:8      | Identified the +10 glaive of Conservatism {vorpal, SInv}
  9220 | D:8      | Reached * piety under Okawaru
  9785 | D:9      | Reached skill level 14 in Polearms
  9791 | D:9      | Reached XP level 11. HP: 49/75 MP: 11/11
  9925 | D:9      | Reached ** piety under Okawaru
 10234 | D:9      | Reached skill level 15 in Polearms
 10239 | D:9      | Reached skill level 1 in Invocations
 10458 | D:9      | Found a runed translucent gate.
 10459 | D:9      | Found a runed translucent gate.
 10460 | D:9      | Found a runed translucent gate.
 10461 | D:9      | Noticed an 11-headed hydra
 10461 | D:9      | Noticed thiscave3701365's ghost (novice MiBe)
 10538 | D:9      | Reached *** piety under Okawaru
 10868 | D:9      | Noticed Prince Ribbit
 10875 | D:9      | Killed Prince Ribbit
 11099 | D:10     | Entered Level 10 of the Dungeon
 11295 | D:10     | Found a stormy altar of Qazlal.
 11413 | D:10     | Reached **** piety under Okawaru
 11414 | D:10     | Noticed an orc knight
 11489 | D:9      | Killed an orc knight
 11557 | D:10     | Found a staircase to the Lair.
 11573 | D:10     | Reached skill level 16 in Polearms
 11665 | D:10     | Found a shimmering altar of Xom.
 11671 | D:10     | Found a glowing golden altar of the Shining One.
 11673 | D:10     | Found a radiant altar of Vehumet.
 11926 | D:10     | Found a portal to a secret trove of treasure.
 12006 | Trove    | Entered a treasure trove
 12022 | Trove    | Got Sif Muna's Tome of Unstable Bewitchment
 12056 | Trove    | Got Sif Muna's Volume of Enthralling Changing
 12130 | D:10     | Found a staircase to the Orcish Mines.
 12139 | D:10     | Reached XP level 12. HP: 52/83 MP: 13/13
 12688 | D:11     | Found Xaibrul's Weapon Shop.
 12828 | D:11     | Reached skill level 5 in Fighting
 13257 | D:12     | Noticed Psyche
 13266 | D:12     | Killed Psyche
 13267 | D:12     | Reached skill level 17 in Polearms
 13330 | D:12     | Noticed a death knight
 13356 | D:12     | Killed a death knight
 13698 | D:12     | Noticed Josephine
 13708 | D:12     | Killed Josephine
 14049 | D:13     | Noticed a centaur warrior
 14049 | D:13     | Noticed a two-headed ogre
 14049 | D:13     | Noticed a two-headed ogre
 14049 | D:13     | Found a gate to the Vaults.
 14102 | D:12     | Killed a two-headed ogre
 14103 | D:12     | Reached skill level 18 in Polearms
 14103 | D:12     | Reached XP level 13. HP: 59/96 MP: 11/14
 14159 | D:12     | Killed a centaur warrior
 14606 | D:13     | Noticed Frances
 14627 | D:13     | Killed Frances
 14680 | D:12     | HP: 4/101 [freezing wraith[a death knight] (9)]
 14684 | D:12     | Slain by a freezing wraith

Illustrated notes

Levels and vault maps discovered:
D:1:      wander_arrival_peaceful_grave, layout_basic,
          dreamdust_ecumenical_altar_angels_and_demons, minmay_misc_feat_chi,
          minmay_misc_feat_alley
D:2:      layout_basic
D:3:      layout_basic, serial_corexii_hall, corexii_hall_statues_u,
          chequers_hall_statues_wall_a, uniq_terence
D:4:      layout_loops_cross, st_stairs_10, uniq_sigmund, uniq_robin
D:5:      layout_basic, uniq_duvessa, uniq_menkaure
D:6:      layout_loops_cross, minmay_ruffians, uniq_edmund
D:7:      layout_rooms, minmay_temple_entry_grid, nzn_ghost_randoct
D:8:      layout_basic
D:9:      layout_cave_pods, gammafunk_ghost_hydra_chop, special_room
          [special_room_orc], minmay_door_square, uniq_prince_ribbit1
D:10:     layout_cave_pods, nicolae_qazlal_style_of_elements,
          grunt_temple_overflow_open, david_lair_shrubbed, david_orc_5,
          nicolae_trove_entry_path_of_doom
D:11:     layout_loops_ring, serial_shops, nicolae_shop_trees,
          nicolae_straight_to_the_point
D:12:     layout_basic, uniq_psyche, uniq_josephine
D:13:     layout_irregular_city, david_vaults_3, serial_shops,
          kennysheep_mini_moat, nicolae_shop_crystal, uniq_frances, uniq_kirke
Temple:   mainiacjoe_temple_coin_purse

Skill      XL: |  1  2  3  4  5  6  7  8  9 10 11 12 13 |
---------------+----------------------------------------+-----
Shields        | 4 5 6 7 8 9 |  9.1
Polearms       | 3 4 5 7 9 11 14 16 18 | 18.9
Invocations    | 2 |  2.0
Fighting       | 4 7 9 |  9.2
Armour         | |  3.2

Action                   |  1- 3 |  4- 6 |  7- 9 | 10-12 | 13-15 || total
-------------------------+-------+-------+-------+-------+-------++-------
Melee: Trident           |    74 |   269 |   351 |   223 |       ||   917
       Glaive            |       |       |       |   428 |    90 ||   518
Invok: Heroism           |       |       |       |     3 |     5 ||     8
       Finesse           |       |       |       |       |     1 ||     1
 Abil: Dig               |       |     1 |       |     3 |       ||     4
  Use: Scroll            |     2 |     1 |     2 |    13 |     2 ||    20
       Potion            |       |       |     5 |       |     2 ||     7
Armor: Scale mail        |    24 |     6 |       |       |       ||    30
       Chain mail        |       |   144 |    91 |       |       ||   235
       Ring mail         |       |       |    19 |   166 |    74 ||   259
Dodge: Dodged            |    24 |    78 |    71 |   176 |    51 ||   400
Block: Buckler           |    13 |    51 |    56 |   145 |    38 ||   303
